 Zot Defence DCSS version 0.15.2 (webtiles) character file.

31481 magog001 the Whirler (level 12, -8/106 HPs)
             Began as a Minotaur Hunter on Aug 24, 2017.
             Mangled by a slime creature (12 damage)
             ... in the Realm of Zot (Scenario I: Hall of Zot) on Aug 25, 2017.
             The game lasted 00:35:08 (2889 turns).

magog001 the Whirler (Minotaur Hunter)              Turns: 2889, Time: 00:35:09

HP  -8/106       AC  5     Str 21      XL: 12   Next: 28%
MP   5/5         EV 14     Int  8      God:
Gold 13          SH  0     Dex 12      Spells:  0 memorised, 11 levels left

rFire  . . .     SeeInvis .     m - +2 falchion (freeze)
rCold  . . .     Clarity  .     d - +0 leather armour
rNeg   . . .     rCorr    .     (no shield)
rPois  +         rRot     .     (helmet restricted)
rElec  .         Spirit   .     o - +0 cloak {rPois}
SustAb .         Warding  .     (no gloves)
rMut   .         Stasis   .     (no boots)
Gourm  .                        (no amulet)
MR     .....                    (no ring)
                                (no ring)

@: very slightly contaminated, not resistant to hostile enchantments, very
unstealthy
A: retaliatory headbutt, horns 2
a: Make oklob sapling, Make arrow trap, Make plant, Remove Curse, Make burning
bush, Make altar, Make grenades, Make oklob plant, Make net trap, Make ice
statue, Make spear trap, Make alarm trap, Make mushroom circle
}: 1/15 runes: gossamer


You were in the Realm of Zot.
You were not hungry.

You visited 1 branch You collected 13 gold pieces.

Inventory:

Hand weapons
 b - a +1 hunting sling
 m - a +2 falchion of freezing (weapon)
Missiles
 a - 2 tomahawks
 n - 4 throwing nets (quivered)
Armour
 d - a +0 leather armour (worn)
 o - a +0 cloak of poison resistance (worn)
Comestibles
 f - a bread ration
Potions
 h - a potion of haste
 i - 2 potions of magic
 j - a potion of berserk rage


   Skills:
 * Level 9.7 Fighting
   Level 0.2(3.3) Short Blades
 * Level 5.9(6.0) Long Blades
   Level 5.0 Axes
 + Level 16.3 Slings
 + Level 1.7(10.3) Throwing
 * Level 6.7 Armour
 * Level 6.8 Dodging
 - Level 0.7 Stealth


You had 11 spell levels left.
You didn't know any spells.

Dungeon Overview and Level Annotations

Branches:
    Zot (1/1)

Altars:


Innate Abilities, Weirdness & Mutations

You reflexively headbutt those who attack you in melee.
You have a pair of horns on your head.


Message History

The puff of flame hits the slime creature.
The black draconian annihilator casts a spell.
The black draconian annihilator blinks!
Your burning bush throws fire at the slime creature.
The puff of flame hits the slime creature.
The pale draconian shifter casts a spell.
The yellow draconian scorcher blinks into view!
The pale draconian blinks into view!
The vampire blinks into view!
The fire dragon blinks into view!
The pale draconian hits you with a battleaxe!
* * * LOW HITPOINT WARNING * * *
Unknown command.
Unknown command.
Unknown command.
The black draconian annihilator mumbles some strange words.
The black draconian annihilator blinks!
The vampire gestures wildly while chanting.
The vampire flickers and vanishes!
The slime creature hits you!
You die...

.......▓▓.......................▓
......▓▓▓........................
▓▓▓▓▓▓▓ #........................
##......................▓
###...................▓▓
####...............▓▓
##############.....▓▓
###dq..Jq.Dd..........##
##d(J.##.@..............##
########q.§###..................#
dguC)CdCDq###.....P..............


qDuuddddV## #.................... ...d{).d.# #.................... .Dq.e..(##
#.................... .(((.JVd# #..q................. ..d....P##
#.................... .%))())P.# ##..................# You could see a purple
draconian, a pale draconian, a pale draconian shifter, a fire dragon, a black
draconian annihilator, a yellow draconian scorcher, a slime creature and a
friendly burning bush.

Vanquished Creatures
  4 yaktaurs (Zot)
  A hydra zombie (Zot)
  2 yaks (Zot)
  A polar bear (Zot)
  A vampire (Zot)
  A human skeleton (Zot)
  A merfolk skeleton (Zot)
  A black bear (Zot)
  A giant frog (Zot)
  A yak skeleton (Zot)
  An iguana (Zot)
  2 goliath beetles (Zot)
  A black bear skeleton (Zot)
  2 orc wizards (Zot)
  2 adders (Zot)
  A shadow imp (Zot)
  2 orc zombies (Zot)
  2 orcs (Zot)
  A ball python (Zot)
  A bat (Zot)
  A gnoll zombie (Zot)
  A hobgoblin (Zot)
  2 jackals (Zot)
  A kobold (Zot)
  A giant gecko skeleton (Zot)
  A giant spore (Zot)
  A goblin (Zot)
  A butterfly (Zot)
38 creatures vanquished.

Vanquished Creatures (collateral kills)
  2 very ugly things (Zot)
  4 hydras (Zot)
  A wizard (Zot)
  A wolf spider (Zot)
  An elephant (shapeshifter) (Zot)
  4 ugly things (Zot)
  Maurice (Zot)
  A centaur zombie (Zot)
  A polar bear (Zot)
  4 yaktaurs (Zot)
  A merfolk (Zot)
  2 trapdoor spiders (Zot)
  4 yaks (Zot)
  A trapdoor spider (shapeshifter) (Zot)
  A naga (Zot)
  A human zombie (Zot)
  5 black bears (Zot)
  3 ogres (Zot)
  3 boggarts (Zot)
  2 centaurs (Zot)
  A wyvern skeleton (Zot)
  A scorpion (Zot)
  An oklob sapling (Zot)
  A yak zombie (Zot)
  2 wights (Zot)
  A crimson imp (Zot)
  A giant frog zombie (Zot)
  A hound (Zot)
  An orc wizard (Zot)
  A gnoll shaman (Zot)
  A worker ant (Zot)
  An adder (Zot)
  A gnoll (Zot)
  A green rat (Zot)
  3 giant mites (Zot)
  3 giant geckos (Zot)
  8 orcs (Zot)
  A bat (Zot)
  3 goblins (Zot)
  5 hobgoblins (Zot)
  A jackal (Zot)
  A kobold (Zot)
  2 quokkas (Zot)
  A ball python (Zot)
  9 giant spores (Zot)
  An orc zombie (Zot)
  A rat (Zot)
  10 butterflies (Zot)
107 creatures vanquished.

Vanquished Creatures (others)
  An orb spider (shapeshifter) (Zot)
  16 oklob plants (Zot)
  A manticore (shapeshifter) (Zot)
  A spriggan (shapeshifter) (Zot)
  22 oklob saplings (Zot)
  2 giant spores (Zot)
  A fungus (Zot)
44 creatures vanquished.

Grand Total: 189 creatures vanquished

Notes
Turn   | Place    | Note
--------------------------------------------------------------
     0 | Zot      | magog001, the Minotaur Hunter, began the quest for the Orb.
     0 | Zot      | Reached XP level 1. HP: 16/16 MP: 1/1
   769 | Zot      | Noticed a goliath beetle
   770 | Zot      | Reached skill level 5 in Slings
   770 | Zot      | Reached XP level 2. HP: 23/23 MP: 1/1
   806 | Zot      | Killed a goliath beetle
   806 | Zot      | Reached skill level 6 in Slings
   806 | Zot      | Reached XP level 3. HP: 28/28 MP: 2/2
   806 | Zot      | Reached XP level 4. HP: 35/35 MP: 2/2
   917 | Zot      | Reached skill level 1 in Armour
   917 | Zot      | Reached XP level 5. HP: 40/40 MP: 2/2
  1060 | Zot      | Reached skill level 7 in Slings
  1088 | Zot      | Reached XP level 6. HP: 47/47 MP: 3/3
  1105 | Zot      | Reached skill level 8 in Slings
  1198 | Zot      | Noticed a polar bear
  1201 | Zot      | Reached skill level 9 in Slings
  1201 | Zot      | Reached XP level 7. HP: 52/52 MP: 3/3
  1205 | Zot      | Noticed Ceenkucs
  1276 | Zot      | Reached skill level 10 in Slings
  1278 | Zot      | Killed Ceenkucs the polar bear
  1278 | Zot      | Reached XP level 8. HP: 19/61 MP: 3/3
  1289 | Zot      | Killed a polar bear
  1289 | Zot      | Reached skill level 11 in Slings
  1411 | Zot      | Killed Stuzonoi the wizard
  1411 | Zot      | Reached skill level 12 in Slings
  1411 | Zot      | Reached XP level 9. HP: 49/67 MP: 4/4
  1423 | Zot      | Got a gossamer rune of Zot
  1590 | Zot      | Reached skill level 13 in Slings
  2190 | Zot      | Reached skill level 14 in Slings
  2192 | Zot      | Noticed a centaur zombie
  2199 | Zot      | Killed a centaur zombie
  2215 | Zot      | Reached XP level 10. HP: 61/77 MP: 4/4
  2267 | Zot      | Reached skill level 1 in Axes
  2267 | Zot      | Reached skill level 15 in Slings
  2303 | Zot      | Noticed Maurice
  2307 | Zot      | Killed Maurice
  2372 | Zot      | Noticed a wolf spider
  2374 | Zot      | Reached skill level 5 in Fighting
  2376 | Zot      | Killed a wolf spider
  2403 | Zot      | Reached skill level 5 in Axes
  2658 | Zot      | Noticed a four-headed hydra
  2660 | Zot      | Killed a four-headed hydra
  2660 | Zot      | Reached skill level 1 in Long Blades
  2660 | Zot      | Reached XP level 11. HP: 89/89 MP: 4/4
  2680 | Zot      | Killed a four-headed hydra
  2680 | Zot      | Reached skill level 5 in Dodging
  2696 | Zot      | Noticed a seven-headed hydra
  2697 | Zot      | Noticed a four-headed hydra
  2697 | Zot      | Killed a seven-headed hydra
  2699 | Zot      | Killed a four-headed hydra
  2773 | Zot      | Noticed an orb spider
  2777 | Zot      | Killed an orb spider
  2778 | Zot      | Noticed a shock serpent
  2778 | Zot      | a boulder beetle changed into a shock serpent
  2784 | Zot      | Killed a brown very ugly thing
  2784 | Zot      | Reached skill level 5 in Armour
  2786 | Zot      | Noticed a fire crab
  2786 | Zot      | Noticed a red very ugly thing
  2795 | Zot      | a fire crab changed into an elephant
  2800 | Zot      | Reached skill level 1 in Throwing
  2802 | Zot      | Killed a red very ugly thing
  2802 | Zot      | Reached skill level 5 in Long Blades
  2802 | Zot      | Reached skill level 16 in Slings
  2809 | Zot      | Noticed Fribat
  2812 | Zot      | Reached XP level 12. HP: 97/103 MP: 5/5
  2858 | Zot      | Noticed an ice dragon
  2859 | Zot      | Noticed a fire dragon
  2861 | Zot      | Noticed an electric golem
  2862 | Zot      | Noticed a purple draconian
  2862 | Zot      | Noticed a black draconian
  2862 | Zot      | Noticed a pale draconian
  2862 | Zot      | Noticed a purple draconian
  2862 | Zot      | Noticed a pale draconian
  2862 | Zot      | Noticed a purple draconian
  2862 | Zot      | Noticed a pale draconian
  2863 | Zot      | Noticed a white draconian
  2863 | Zot      | Noticed a white draconian zealot
  2864 | Zot      | Noticed a grey draconian
  2865 | Zot      | Noticed an ice dragon
  2866 | Zot      | Noticed a black draconian
  2867 | Zot      | Noticed a storm dragon
  2869 | Zot      | Noticed a white draconian
  2869 | Zot      | Noticed a red draconian
  2869 | Zot      | Noticed a yellow draconian scorcher
  2869 | Zot      | Noticed a purple draconian
  2869 | Zot      | Noticed a yellow draconian knight
  2880 | Zot      | Noticed a pale draconian shifter
  2880 | Zot      | Noticed a mottled draconian
  2880 | Zot      | Noticed a black draconian annihilator
  2885 | Zot      | Noticed a yellow draconian
  2887 | Zot      | HP: 3/106 [pale draconian/battleaxe[a boggart] (11)]
  2889 | Zot      | Mangled by a slime creature

Action                   |  1- 3 |  4- 6 |  7- 9 | 10-12 || total
-------------------------+-------+-------+-------+-------++-------
Melee: Short sword       |       |    44 |     3 |       ||    47
       Hand axe          |       |       |     8 |    68 ||    76
       Falchion          |       |       |       |    29 ||    29
 Fire: Hunting sling     |    22 |    39 |    34 |    12 ||   107
       Shortbow          |       |       |       |     1 ||     1
Throw: Tomahawk          |       |       |       |     5 ||     5
       Throwing net      |       |       |       |     1 ||     1
 Abil: Make oklob saplin |     1 |     4 |     9 |    11 ||    25
       Make net trap     |       |       |    13 |    14 ||    27
       Make oklob plant  |       |       |     2 |    14 ||    16
       Make burning bush |       |       |     2 |       ||     2
       Make grenades     |       |       |       |     5 ||     5
       Make mushroom cir |       |       |       |     1 ||     1
  Use: Potion            |       |       |       |     4 ||     4
       Scroll            |       |       |       |     1 ||     1
